 Dungeon Crawl Stone Soup version 0.25.1-2-g60ff931df9 (webtiles) character file.

Game seed: 5003923462579725966

135 DogServant the Bolt Thrower (level 5, -10/41 HPs)
             Began as a Formicid Hunter on Oct 16, 2020.
             Was an Initiate of Okawaru.
             Splashed by Ijyb's acid (11 damage)
             ... on level 3 of the Dungeon.
             The game lasted 00:04:18 (2729 turns).

DogServant the Bolt Thrower (Formicid Hunter)       Turns: 2729, Time: 00:04:20

Health: -10/41     AC:  0    Str: 16 (17) XL:     5   Next: 41%
Magic:  5/5        EV: 12    Int: 10      God:    Okawaru [......]
Gold:   158        SH:  0    Dex: 12      Spells: 4/4 levels left

rFire    . . .     SeeInvis +   a - +1 hand crossbow
rCold    . . .     Gourm    .   (no shield)
rNeg     . . .     Faith    .   c - +0 leather armour
rPois    .         Spirit   .   (helmet unavailable)
rElec    .         Reflect  .   (no cloak)
rCorr    .         Harm     .   (no gloves)
MR       .....                  g - +0 pair of boots
Stlth    ++........             (no amulet)
HPRegen  0.13/turn              b - ring of stealth
MPRegen  0.09/turn              (no ring)

@: corroded
A: permanent stasis, dig shafts and tunnels, four strong arms, antennae 3
a: Dig, Shaft Self, Renounce Religion


You were on level 3 of the Dungeon.
You worshipped Okawaru.
Okawaru was noncommittal.
You were not hungry.

You visited 1 branch of the dungeon, and saw 3 of its levels.

You collected 158 gold pieces.

Inventory:

Hand Weapons
 a - a +1 hand crossbow (weapon)
 k - a +0 whip
Missiles
 d - 33 bolts (quivered)
 h - 8 javelins
Armour
 c - a +0 leather armour (worn)
 g - a +0 pair of boots (worn)
 t - a +0 tower shield
Jewellery
 b - a ring of stealth (left hand)
Scrolls
 i - a scroll of immolation {unknown}
 l - a scroll of enchant weapon {unknown}
 o - a scroll of random uselessness {unknown}
 q - a scroll of amnesia {unknown}
 s - a scroll of magic mapping {unknown}
 u - a scroll of remove curse {unknown}
 v - a scroll of enchant armour {unknown}
Potions
 e - a potion of brilliance
 m - a potion of heal wounds
 n - a potion of might {unknown}
 p - a potion of haste {unknown}
 r - a potion of curing
Comestibles
 f - 4 rations
 j - 4 chunks of flesh


   Skills:
 + Level 3.0 Fighting
 + Level 2.5 Maces & Flails
 + Level 5.2 Crossbows
 - Level 1.7 Dodging
 - Level 1.2 Stealth


You had 4 spell levels left.
You didn't know any spells.
Your spell library was empty.

Dungeon Overview and Level Annotations

Branches:
Dungeon (3/15)

Altars:
Cheibriados
Okawaru
Wu Jian

Annotations:
D:3 Ijyb


Innate Abilities, Weirdness & Mutations

You cannot be hasted, slowed, berserked, paralysed or teleported.
You can dig through walls and to a lower floor.
Your four strong arms can wield two-handed weapons with a shield.
You have a pair of large antennae on your head. (SInv)


Message History

Ijyb shouts!
Firing (i - inventory. (/) - cycle)
d - 36 bolts (quivered)
Press: ? - help, Shift-Dir - straight line, f - Ijyb
Aim: Ijyb, wielding a +0 club, wearing a +0 leather armour and carrying a wand of acid (7)
You shoot a bolt. The bolt closely misses Ijyb.
Firing (i - inventory. (/) - cycle)
d - 35 bolts (quivered)
Press: ? - help, Shift-Dir - straight line, f/p - Ijyb
Aim: Ijyb, wielding a +0 club, wearing a +0 leather armour and carrying a wand of acid (7)
You shoot a bolt. The bolt closely misses Ijyb.
Ijyb zaps a wand.
The bolt of acid hits you! The acid corrodes you!
You are splashed with acid!
Firing (i - inventory. (/) - cycle)
d - 34 bolts (quivered)
Press: ? - help, Shift-Dir - straight line, f/p - Ijyb
Aim: Ijyb, wielding a +0 club, wearing a +0 leather armour and carrying a wand of acid (6)
You shoot a bolt. The bolt hits Ijyb!
Ijyb is moderately wounded.
A giant cockroach comes into view.
Ijyb zaps a wand.
The bolt of acid hits you!
* * * LOW HITPOINT WARNING * * *
You are splashed with acid!
You die...

#..######... ......
#..# #...# ......
#..# #...# # ###'##
########..#
#...#.#.. ..
..........#
#...#.#.. .
......###.#
#........
..........#
#........
......#####
#l....... .....##
#@...g..( .....#
#...#.#s. .....#
#(..# .....# #(..+
.....# #...# .....#
#...# .....# #)..#
.....###########...#
...................#


You could see Ijyb, a giant cockroach (wandering) and a frilled lizard.

Vanquished Creatures
  An orc wizard (D:3)
  3 adders
  An ooze (D:3)
  A worm (D:3)
  A dart slug (D:2)
  4 leopard geckos
  6 orcs (D:3)
  3 giant cockroaches
  6 goblins
  5 hobgoblins
  4 jackals (D:3)
  A quokka (D:2)
  7 bats
  A frilled lizard (D:1)
  10 kobolds
  8 rats
62 creatures vanquished.

Notes
Turn   | Place    | Note
-------+----------+-------------------------------------------
     0 | D:1      | DogServant the Formicid Hunter began the quest for the Orb.
     0 | D:1      | Reached XP level 1. HP: 16/16 MP: 1/1
   263 | D:1      | Reached XP level 2. HP: 19/22 MP: 2/2
  1288 | D:2      | Reached skill level 1 in Maces & Flails
  1288 | D:2      | Reached XP level 3. HP: 26/27 MP: 3/3
  1684 | D:2      | Found a snail-covered altar of Cheibriados.
  1763 | D:2      | Found an iron altar of Okawaru.
  1773 | D:2      | Became a worshipper of Warmaster Okawaru
  1833 | D:2      | Reached XP level 4. HP: 33/33 MP: 4/4
  2287 | D:2      | Found an ornate altar of the Wu Jian Council.
  2414 | D:3      | Reached skill level 5 in Crossbows
  2425 | D:3      | Reached XP level 5. HP: 36/40 MP: 5/5
  2724 | D:3      | Noticed Ijyb
  2729 | D:3      | HP: 1/41 [Ijyb/bolt of acid (12)]
  2729 | D:3      | Splashed by Ijyb's acid

Illustrated notes

Levels and vault maps discovered:
D:1:      minmay_arrival_up_and_down, layout_basic
D:2:      layout_rooms, lemuel_doored_altar, lemuel_coloured_pillars_altar,
          okawaru_ov_weapons_minmay
D:3:      layout_basic, chequers_ecumenical_altar_twisty, uniq_ijyb

Skill      XL: |  1  2  3  4  5 |
---------------+----------------+-----
Maces & Flails | 1 2 |  2.5
Crossbows      | 5 |  5.2
Fighting       | 3 |  3.0
Dodging        | |  1.7
Stealth        | |  1.2

Action                   |  1- 3 |  4- 6 || total
-------------------------+-------+-------++-------
Melee: Short sword       |    22 |       ||    22
       Whip              |   114 |     4 ||   118
 Fire: Hand crossbow     |    20 |    58 ||    78
Throw: Javelin           |     1 |     7 ||     8
  Use: Potion            |     4 |       ||     4
       Scroll            |       |     2 ||     2
  Eat: Chunk             |     3 |     3 ||     6
Armor: Leather armour    |    57 |     5 ||    62
Dodge: Dodged            |   100 |    27 ||   127
